 Dungeon Crawl Stone Soup version 0.20-a0-454-g2b43fbb (webtiles) character file.

3222 HarleyQuinn the Cruncher (level 9, -11/61 HPs)
             Began as a Demonspawn Gladiator on Jan 9, 2017.
             Was a Follower of Kikubaaqudgha.
             Mangled by a hog (12 damage)
             ... on level 8 of the Dungeon.
             The game lasted 00:11:29 (8916 turns).

HarleyQuinn the Cruncher (Demonspawn Gladiator)     Turns: 8916, Time: 00:11:30

Health: -11/61     AC: 10    Str: 21    XL:     9   Next: 66%
Magic:  9/9        EV: 16    Int: 16    God:    Kikubaaqudgha [*.....]
Gold:   398        SH:  0    Dex: 20    Spells: 8/8 levels left

rFire  + . .     SeeInvis .     p - +6 mace of Gistrac {venom, +Rage Int+4 Dex+4}
rCold  . . .     Gourm    .     i - +0 robe
rNeg   . . .     Faith    .     (no shield)
rPois  .         Spirit   .     (helmet unavailable)
rElec  .         Reflect  .     l - +2 cloak
rCorr  .         Harm     +     (no gloves)
MR     .....                    (no boots)
Stlth  ++........               s - amulet of harm
                                (no ring)
                                (no ring)

@: mighty
A: horns 3, iridescent scales 3, blink, deformed body, fire resistance 1,
powered by pain 2, screaming 3, strong 1, rot immunity
a: Blink, Receive Corpses, Renounce Religion, Evoke Berserk Rage


You were on level 8 of the Dungeon.
You worshipped Kikubaaqudgha.
Kikubaaqudgha was aware of your devotion.
You were not hungry.

You visited 2 branches of the dungeon, and saw 9 of its levels.
You also visited: Sewer.

You collected 398 gold pieces.

Inventory:

Hand Weapons
 a - a +0 quarterstaff
 p - the +6 mace of Gistrac (weapon) {venom, +Rage Int+4 Dex+4}
   (You found it on level 4 of the Dungeon)

   It poisons the flesh of those it strikes.
   It affects your intelligence (+4).
   It affects your dexterity (+4).
   It lets you go berserk.
 z - a +3 quarterstaff of chaos
Missiles
 d - 3 throwing nets (quivered)
Armour
 b - a +0 leather armour
 c - a +0 helmet
 i - a +0 robe (worn)
 l - a +2 cloak (worn)
 D - a +0 pair of gloves
 I - a +0 pair of gloves
Magical Staves
 C - an uncursed staff of cold
Jewellery
 r - an uncursed amulet of magic regeneration
 s - an amulet of harm (around neck)
Wands
 y - a wand of digging (15/24)
Scrolls
 e - 8 scrolls of identify {unknown}
 g - 4 scrolls of remove curse {unknown}
 h - 4 scrolls of teleportation
 n - a scroll of magic mapping {unknown}
 q - a scroll of fear {unknown}
 t - 2 scrolls of enchant armour {unknown}
 u - 2 scrolls of noise {unknown}
 v - a scroll of random uselessness {unknown}
 F - 2 scrolls of fog {unknown}
Potions
 j - 4 potions of flight
 m - a potion of agility
 o - a potion of heal wounds
 w - 2 potions of curing
 x - a potion of ambrosia
 H - 4 potions of cancellation
Books
 E - Kikubaaqudgha's Incunabulum of Stolen Souls
   (Kikubaaqudgha gifted it to you on level 7 of the Dungeon)

   Spells                             Type                      Level
   a - Animate Skeleton               Necromancy                   1
   b - Corpse Rot                     Necromancy                   2
   c - Sublimation of Blood           Necromancy                   2
   d - Vampiric Draining              Necromancy                   3
   e - Control Undead                 Necromancy                   4
Comestibles
 f - 5 bread rations
 k - 2 meat rations
 A - a beef jerky
 B - 5 chunks of flesh


   Skills:
 - Level 2.0 Fighting
 - Level 10.0 Staves
 - Level 1.7 Throwing
 + Level 5.5 Dodging
 * Level 7.6 Necromancy


You had 8 spell levels left.
You didn't know any spells.

Dungeon Overview and Level Annotations

Branches:
Dungeon (8/15)             Temple (1/1) D:6
   Lair: D:8-11

Altars:
Ashenzari
Cheibriados
Dithmenos
Elyvilon
Fedhas
Gozag
Hepliaklqana
Kikubaaqudgha
Makhleb
Nemelex Xobeh
Okawaru
Qazlal
Ru
Sif Muna
Trog
Uskayaw
Vehumet
Xom
Yredelemnul
Zin
The Shining One

Shops:
D:5 :


Innate Abilities, Weirdness & Mutations

You have a pair of large horns on your head.
You are completely covered in iridescent scales. (AC +6)
You sometimes gain power by taking damage.
You are immune to rotting.
You can translocate small distances at will.
Armour fits poorly on your strangely shaped body.
Your flesh is heat resistant. (rF+)
You frequently scream uncontrollably at your foes.
Your muscles are strong. (Str +2)


Message History

The hog is severely wounded.
The hog bites you.
* * * LOW HITPOINT WARNING * * *
The hog bites you.
* * * LOW HITPOINT WARNING * * *
The hog misses you.
You closely miss the hog.
The hog is severely wounded.
The hog bites you!
* * * LOW HITPOINT WARNING * * *
You focus on the pain.
You feel very mighty all of a sudden. The hog misses you.
The hog bites you but does no damage.
You sock the hog!
You kill the hog!
Kikubaaqudgha accepts your kill.
The hog looks more healthy.
The hog bites you but does no damage. The hog bites you!
You die...
Kikubaaqudgha rasps: "You have failed me!
Welcome... death!"

.............
#####............
####...#............
#.................).
#..............#....
#..............#....
#..#...##...........
#......##...........
#####@#...#............
#..#hh#...#............
#..#.p#.###............
#..'..#................
#..#.%#................
#..#%[#...............#
#######...............#
#................#
#................#


You could see 2 hogs and a human.

Vanquished Creatures
  A hippogriff (D:8)
  Sigmund (D:5)
  2 hogs (D:8)
  A hungry ghost (D:8)
  2 orc warriors
  An ice beast (D:6)
  4 sky beasts
  A black bear (D:6)
  A phantom (D:7)
  An ogre (D:5)
  Blork the orc (D:5)
  2 centaurs (D:6)
  A scorpion (D:8)
  4 wights (D:8)
  3 crimson imps
  2 jellies
  A quasit (D:7)
  2 hounds (D:7)
  A centaur skeleton (D:7)
  Crazy Yiuf (D:5)
  2 orc priests
  2 orc wizards
  2 bullfrog skeletons (D:4)
  4 iguanas
  A merfolk siren (Sewer)
  6 worker ants
  A hound zombie (D:7)
  A howler monkey zombie (D:7)
  10 adders
  8 gnolls
  A river rat (Sewer)
  An ooze (D:7)
  An adder skeleton (D:6)
  A worm (D:2)
  2 dart slugs (D:1)
  5 leopard geckos
  29 orcs
  4 ball pythons
  12 giant cockroaches
  10 goblins
  5 hobgoblins
  13 jackals
  3 quokkas
  3 bats
  9 frilled lizards
  7 kobolds
  2 leopard gecko skeletons (D:5)
  A leopard gecko zombie (D:6)
  2 quokka skeletons (D:6)
  23 rats
204 creatures vanquished.

Notes
Turn   | Place    | Note
-------+----------+-------------------------------------------
     0 | D:1      | HarleyQuinn the Demonspawn Gladiator began the quest for the Orb.
     0 | D:1      | Reached XP level 1. HP: 16/16 MP: 1/1
   308 | D:1      | Reached skill level 3 in Staves
   474 | D:1      | Gained mutation: You sometimes gain a little power by taking damage. [demonic ancestry]
   474 | D:1      | Reached XP level 2. HP: 19/22 MP: 2/2
  1080 | D:2      | Gained mutation: You sometimes gain power by taking damage. [demonic ancestry]
  1080 | D:2      | Reached XP level 3. HP: 4/27 MP: 3/3
  1362 | D:2      | Reached skill level 4 in Staves
  1545 | D:2      | Reached XP level 4. HP: 24/33 MP: 4/4
  2962 | D:3      | Reached skill level 5 in Staves
  3306 | D:4      | Found a glowing drain.
  3336 | D:4      | Gained mutation: You are partially covered in iridescent scales. (AC +2) [demonic ancestry]
  3336 | D:4      | Reached XP level 5. HP: 38/38 MP: 5/5
  3353 | Sewer    | Entered a sewer
  3657 | D:4      | Got a faintly glowing mace
  3658 | D:4      | Identified the +6 mace of Gistrac {venom, +Rage Int+4 Dex+4} (You found it on level 4 of the Dungeon)
  3722 | D:4      | Reached skill level 6 in Staves
  3992 | D:4      | Gained mutation: You have a pair of small horns on your head. [demonic ancestry]
  3992 | D:4      | Reached XP level 6. HP: 44/44 MP: 6/6
  4419 | D:4      | Reached skill level 7 in Staves
  4555 | D:5      | Entered Level 5 of the Dungeon
  4555 | D:5      | Noticed Sigmund
  4567 | D:5      | Killed Sigmund
  4567 | D:5      | Gained mutation: You are mostly covered in iridescent scales. (AC +4) [demonic ancestry]
  4567 | D:5      | Reached XP level 7. HP: 13/50 MP: 7/7
  4849 | D:5      | Reached skill level 8 in Staves
  4865 | D:5      | Gained mutation: You occasionally shout uncontrollably at your foes. [mutagenic meat]
  4866 | D:5      | Gained mutation: You are clumsy. (Dex -2) [mutagenic meat]
  4868 | D:5      | Gained mutation: Armour fits poorly on your strangely shaped body. [mutagenic meat]
  5039 | D:5      | Reached XP level 8. HP: 55/56 MP: 8/8
  5044 | D:5      | Gained mutation: Your flesh is heat resistant. (rF+) [mutagenic meat]
  5045 | D:5      | Gained mutation: You possess an exceptional clarity of mind. [mutagenic meat]
  5046 | D:5      | Gained mutation: You have a pair of horns on your head. [mutagenic meat]
  5047 | D:5      | Lost mutation: You are clumsy. (Dex -2) [mutagenic meat]
  5048 | D:5      | Gained mutation: You have a pair of large horns on your head. [mutagenic meat]
  5049 | D:5      | Lost mutation: You occasionally shout uncontrollably at your foes. [mutagenic meat]
  5072 | D:5      | Found Pabiom's Book Shoppe.
  5075 | D:5      | Reached skill level 9 in Staves
  5079 | D:5      | Noticed Blork the orc
  5089 | D:5      | Killed Blork the orc
  5453 | D:5      | Found a runed door.
  5656 | D:5      | Noticed Crazy Yiuf
  5662 | D:5      | Killed Crazy Yiuf
  6526 | D:6      | Reached skill level 10 in Staves
  6538 | D:6      | Found a staircase to the Ecumenical Temple.
  6553 | Temple   | Entered the Ecumenical Temple
  6675 | Temple   | Became a worshipper of Kikubaaqudgha
  6754 | D:6      | Reached skill level 1 in Necromancy
  7799 | D:7      | Gained mutation: You can translocate small distances at will. [mutagenic meat]
  7800 | D:7      | Lost mutation: You possess an exceptional clarity of mind. [mutagenic meat]
  7801 | D:7      | Gained mutation: You occasionally shout uncontrollably at your foes. [mutagenic meat]
  7802 | D:7      | Gained mutation: You sometimes yell uncontrollably at your foes. [mutagenic meat]
  7804 | D:7      | Gained mutation: You have large cloven feet. [mutagenic meat]
  7815 | D:7      | Reached * piety under Kikubaaqudgha
  7815 | D:7      | Identified Kikubaaqudgha's Incunabulum of Stolen Souls (Kikubaaqudgha gifted it to you on level 7 of the Dungeon)
  7815 | D:7      | Received a gift from Kikubaaqudgha
  7905 | D:7      | Gained mutation: You are immune to rotting. [demonic ancestry]
  7905 | D:7      | Reached XP level 9. HP: 46/61 MP: 9/9
  8302 | D:8      | Reached skill level 5 in Necromancy
  8329 | D:8      | HP: 3/61 [iguana (10)]
  8333 | D:8      | HP: 1/61 [orc/whip (3)]
  8772 | D:8      | Gained mutation: You frequently scream uncontrollably at your foes. [mutagenic meat]
  8790 | D:8      | Reached skill level 5 in Dodging
  8886 | D:8      | Lost mutation: You have large cloven feet. [potion of mutation]
  8886 | D:8      | Gained mutation: You are completely covered in iridescent scales. (AC +6) [potion of mutation]
  8887 | D:8      | Gained mutation: Your muscles are strong. (Str +2) [potion of mutation]
  8915 | D:8      | HP: 1/61 [hog (9)]
  8916 | D:8      | Mangled by a hog

Vault maps used:
D:1:      shiori_arrival_maze
D:2:      cheibrodos_greedy_goblins, first_bread
D:4:      gup_sewer_entry_glass
D:5:      serial_shops, shop, uniq_crazy_yiuf_cottage, uniq_blork_the_orc,
          uniq_sigmund
D:7:      hangedman_decor_peaks_small, hangedman_abyss_or_decor_stagger
D:8:      grunt_livestock, st_stairs_8, kennysheep_generic_room_10
Temple:   minmay_crystal_snake_temple
Sewer:    sewer_sea

Skill      XL: |  1  2  3  4  5  6  7  8  9 |
---------------+----------------------------+-----
Staves         | 3 4 5 6 7 8 10 | 10.0
Necromancy     | 4 7 |  7.6
Dodging        | 3 5 |  5.5
Fighting       | |  2.0
Throwing       | |  1.7

Action                   |  1- 3 |  4- 6 |  7- 9 || total
-------------------------+-------+-------+-------++-------
Melee: Quarterstaff      |   108 |   150 |       ||   258
       Mace              |       |    54 |   211 ||   265
       Headbutt          |       |     9 |    35 ||    44
       Kick              |       |       |    18 ||    18
  Use: Potion            |     2 |     3 |     5 ||    10
 Stab: Sleeping          |     1 |     4 |     2 ||     7
  Eat: Chunk             |     2 |    10 |    25 ||    37
       Meat ration       |       |       |     1 ||     1
       Pizza             |       |       |     2 ||     2
Armor: Leather armour    |    21 |       |       ||    21
       Robe              |     4 |    56 |    62 ||   122
Dodge: Dodged            |    66 |   125 |   148 ||   339
